[Event "*** Titled Tuesday Blitz"]
[Site "Chess.com"]
[Date "2020.12.01"]
[Round "9"]
[White "barriochess"]
[Black "NMZanette"]
[Result "0-1"]
[WhiteElo "2366"]
[BlackElo "2269"]
[TimeControl "180+1"]
[EndTime "11:44:44 PST"]
[Termination "NMZanette won on time"]

1. d4 f5 2. e4 fxe4 3. Nc3 Nf6 4.
Bg5 c6 5. d5 Qa5 6. Bc4 b5 7.
Bxf6 exf6 8. Bb3 Bb4 9. Ne2 c5 10. a3 Bxc3+ 11. Nxc3 c4 12. Ba2 O-O 13. O-O f5 14. Qd2 d6 15. Nxe4 Qxd2 16. Nxd2 Nd7 17. Nf3 Nb6 18. b3 Bb7 19. bxc4 bxc4 20. a4 Bxd5 21. a5 Bxf3 22. axb6 Bd5 23. Rfd1 Bf7 24. b7 Rad8 25. Bb1 Rd7 26. Rxa7 Rb8 27. c3 Rdxb7 28. Rxb7 Rxb7 29. Bxf5 d5 30. h3 g6 31. Bc2 Rb2 32. Rc1 Ra2 33. Kf1 Be6 34. Ke1 Kf7 35. g4 h5 36. f3 Kf6 37. Kd2 h4 38. Ke3 g5 39.
Kd4 Rb2 40. Ke3 Bf7 41. f4 Rb8 42. fxg5+ Kxg5 43. Bf5 Re8+ 44. Kd4 Re2 45. Rf1 Rh2 46. Bd7 Rd2+ 47. Kc5 Bg6 48. Be6 d4 49. cxd4 c3 50.
Bb3 Rb2 51. Kc4 c2 52. Kc3 Rb1 0-1

[Event "*** Titled Tuesday Blitz"]
[Site "Chess.com"]
[Date "2020.12.01"]
[Round "9"]
[White "vwnv7"]
[Black "cstevens1"]
[Result "0-1"]
[WhiteElo "2414"]
[BlackElo "2646"]
[TimeControl "180+1"]
[EndTime "11:44:45 PST"]
[Termination "cstevens1 won by resignation"]

1. c4 c5 2. Nc3 b6 3. e4 Bb7 4. Nf3 e6 5. Be2 Nf6 6. e5 Ng4 7. d4 Nc6 8. Bg5 Qb8 9. Bf4 Nxd4 10.
Nxd4 cxd4 11. Nb5 Bxg2 12. Rg1 Bb4+ 13. Bd2 Bxd2+ 14. Qxd2 Nxe5 15. Rxg2 d3 16. Bd1 a6 17. Nc3 O-O 18. f4 Nxc4 19. Qxd3 Qxf4 20. Bf3 Ne5 21.
Qe4 Nxf3+ 22. Kf2 Qxe4 23. Nxe4 Ne5 24. Rag1 g6 25. h4 d5 26. Nf6+ Kg7 27. Nh5+ Kh8 28. Nf6 Rac8 29. Ke3 Rc4 30. h5 Kg7 31. hxg6 Kxf6 32.
Rf1+ Ke7 33. gxh7 Rh8 34. Rg7 Rh4 35. Rg5 Ng6 36. Rg3 R8xh7 37. Rgf3 Rh3 38. Kd4 Rxf3 39. Rxf3 Rh4+ 40. Kc3 Re4 41. a4 Ne5 42. Rh3 Rxa4 43. Kb3 Rg4 44. Rc3 Kd6 45. Rc8 Nc6 46. Ra8 a5 47. Ra6 Kc5 48. Ra8 Rf4 49. Ka3 Rf3+ 50.
b3 Nd4 51. Rc8+ Kb5 52. Ka2 Nxb3 53. Rc7 Nc5 54. Rc8 Rf2+ 55. Kb1 d4 56. Kc1 d3 57. Kd1 Rc2 58. Ke1 Ne4 59. Kd1 Rxc8 0-1

[Event "*** Titled Tuesday Blitz"]
[Site "Chess.com"]
[Date "2020.12.01"]
[Round "9"]
[White "AlexTriapishko"]
[Black "Nikolaj_6"]
[Result "1/2-1/2"]
[WhiteElo "2802"]
[BlackElo "2645"]
[TimeControl "180+1"]
[EndTime "11:44:46 PST"]
[Termination "Game drawn by agreement"]

1. d4 Nf6 2. Bg5 e6 3. e4 h6 4.
Bxf6 Qxf6 5. c3 d6 6. Bc4 Qg6 7.
Qf3 Nd7 8. Ne2 Nf6 9. Nd2 Qg4 10. e5 dxe5 11. Bb5+ Ke7 12. dxe5 Qxf3 13. Nxf3 Nd5 14.
O-O-O c6 15. Ba4 g5 16. g4 Bg7 17. h4 Bd7 18. Ng3 Nf4 19. Ne4 Ng6 20. Nf6 Rad8 21. hxg5 hxg5 22. Rxh8 Bxh8 23. Nxg5 Nxe5 24. Nxd7 Nxd7 25.
Bc2 Be5 26. Kb1 Bf4 27. Nh3 Bc7 28. f3 Rh8 29. Ng5 Nf6 30. a4 Bf4 31. Ne4 Nd5 32. Bb3 b6 33. Re1 Rh2 34. Bc4 Nf6 35.
Nxf6 Kxf6 36. Bd3 e5 37. Be4 c5 38. Rd1 Rd2 39. Rh1 Rh2 40. Re1 Kg5 41. Rd1 Rd2 42. Rxd2 Bxd2 43. Kc2 Be3 44. Kd3 Bc1 45. Kc2 Bf4 46.
Bd5 Kf6 47. Kd3 Ke7 48. Kc4 Bc1 49. b4 cxb4 50. cxb4 Bd2 51. Kb5 f6 52. Be4 Kd6 53. Kc4 a5 54. bxa5 Bxa5 55. Kb5 Kc7 56. Bd5 Kd6 1/2-1/2

[Event "*** Titled Tuesday Blitz"]
[Site "Chess.com"]
[Date "2020.12.01"]
[Round "9"]
[White "Cambek64"]
[Black "Qvalda"]
[Result "0-1"]
[WhiteElo "2288"]
[BlackElo "2443"]
[TimeControl "180+1"]
[EndTime "11:44:46 PST"]
[Termination "Qvalda won on time"]

1. e4 c6 2. d4 d5 3. Nc3 dxe4 4. Nxe4 Bf5 5. Ng3 Bg6 6. Nf3 Nd7 7. h4 h6 8. h5 Bh7 9. Bd3 Bxd3 10. Qxd3 e6 11. Bf4 Qa5+ 12. Bd2 Qc7 13. O-O-O O-O-O 14. Qe2 Ngf6 15. c4 c5 16. Kb1 cxd4 17. Nxd4 a6 18. Ne4 Nxe4 19. Qxe4 Nf6 20. Qh4 Bc5 21. Bc3 Rd7 22. Nb3 Be7 23. Bxf6 Bxf6 24. Qe4 Rhd8 25. Rxd7 Qxd7 26. Nc5 Qc7 27. Nb3 Qe5 28. Qxe5 Bxe5 29. Kc2 Kc7 30. Re1 Bf6 31. g3 b5 32. cxb5 axb5 33.
a3 Kb6 34. Re4 Rd5 35. g4 Bg5 36. f3 Bf6 37. Rb4 Kc6 38. Nd2 Rc5+ 39. Kd1 Re5 40. Ne4 Be7 41. Rb3 f5 42. Rc3+ Kb6 43. Nf2 Rd5+ 44. Rd3 Rc5 45. b4 Rc6 46. Ke2 Bf6 47.
Nd1 Rc2+ 48. Rd2 Rxd2+ 49. Kxd2 Kc6 50. Kd3 Kd5 51. Ne3+ Ke5 0-1

[Event "*** Titled Tuesday Blitz"]
[Site "Chess.com"]
[Date "2020.12.01"]
[Round "9"]
[White "GMStefanova"]
[Black "Tssunami"]
[Result "1/2-1/2"]
[WhiteElo "2532"]
[BlackElo "2436"]
[TimeControl "180+1"]
[EndTime "11:44:47 PST"]
[Termination "Game drawn by stalemate"]

1. d4 Nf6 2. Nf3 e6 3. e3 c5 4.
Bd3 b6 5. O-O Bb7 6. c4 Be7 7. Nc3 d5 8. cxd5 exd5 9. dxc5 bxc5 10. Bb5+ Nc6 11. Ne5 Rc8 12. Qa4 Qc7 13. Nxc6 Bxc6 14.
Rd1 O-O 15. Bxc6 Qxc6 16. Qxc6 Rxc6 17. Nxd5 Nxd5 18. Rxd5 Bf6 19. Rb1 c4 20. e4 Re8 21.
f3 h6 22. Be3 Rb8 23. e5 Be7 24. Rdd1 a5 25. Rdc1 a4 26. Bd4 Rd8 27. Bc3 Rd3 28.
Rd1 Bc5+ 29. Kf1 Re3 30. Re1 Rd3 31. Rbd1 a3 32. Rxd3 cxd3 33. Rd1 axb2 34. Bxb2 Rb6 35. Bc3 Ra6 36. Rxd3 Rxa2 37. Rd2 Ra3 38. Bd4 Bxd4 39.
Rxd4 Ra2 40. f4 Kh7 41. h4 Ra5 42. Kf2 Ra3 43. g4 h5 44. gxh5 Rh3 45. Rd7 Kg8 46.
h6 Rxh4 47. hxg7 Rxf4+ 48. Ke3 Rh4 49. Kf3 Kxg7 50. e6 Kf8 51. Rxf7+ Ke8 52. Rf4 Rxf4+ 53.
Kxf4 Ke7 54. Ke5 Ke8 55. Kf6 Kf8 56. e7+ Ke8 57. Ke6 1/2-1/2

[Event "*** Titled Tuesday Blitz"]
[Site "Chess.com"]
[Date "2020.12.01"]
[Round "9"]
[White "marabu44"]
[Black "carloseduar100"]
[Result "0-1"]
[WhiteElo "2252"]
[BlackElo "2077"]
[TimeControl "180+1"]
[EndTime "11:44:47 PST"]
[Termination "carloseduar100 won by resignation"]

1. Nf3 d5 2. c4 dxc4 3. e3 Nf6 4.
Bxc4 e6 5. O-O Bd6 6. Nc3 O-O 7. d4 b6 8. e4 Bb4 9. e5 Nfd7 10. a3 Bxc3 11.
bxc3 Bb7 12. Bg5 Qc8 13. Bd3 h6 14. Be7 Re8 15. Bh4 c5 16. Qe2 Nc6 17. Rac1 Ne7 18. Bxe7 Rxe7 19. Be4 Rb8 20. Rfd1 Nf8 21. d5 exd5 22.
Bxd5 Bxd5 23. Rxd5 Qe6 24. Rcd1 Rbe8 25. c4 Qg4 26. h3 Qf4 27. g3 Qf5 28. Kg2 Ne6 29.
Qe3 Qc2 30. R1d2 Qxc4 31. Nh4 Nd4 32. Qe4 Qc1 33. Rd3 Qg5 34. f4 Qh5 35. Re3 f5 36.
Qd3 g5 37. Nxf5 Nxf5 38. Qxf5 Rg7 39. e6 Rf8 40. Qg4 Qxg4 41. hxg4 gxf4 42. gxf4 Rxg4+ 43. Rg3 Rxg3+ 44. Kxg3 Kg7 45. Kg4 Kf6 46. Rf5+ Ke7 47. Rxf8 Kxf8 48. f5 Kg7 49. Kh5 c4 50. e7 Kf7 51. f6 c3 52. Kxh6 c2 53. e8=Q+ Kxe8 54. Kg7 c1=Q 55. f7+ Kd7 56. f8=Q Qg5+ 57. Kh7 Qe7+ 58.
Qg7 Qxg7+ 59. Kxg7 Kd6 60. Kf6 Kd5 61. Ke7 a5 62.
Kd7 Kc5 63. Ke6 b5 64. Ke5 b4 65. a4 Kc4 66. Ke4 b3 0-1

[Event "*** Titled Tuesday Blitz"]
[Site "Chess.com"]
[Date "2020.12.01"]
[Round "9"]
[White "Michaelson_11"]
[Black "elamier"]
[Result "1-0"]
[WhiteElo "2177"]
[BlackElo "2294"]
[TimeControl "180+1"]
[EndTime "11:44:49 PST"]
[Termination "Michaelson_11 won by resignation"]

1. e4 c5 2. Nc3 e6 3. d4 cxd4 4. Qxd4 Nc6 5. Qd2 Nf6 6. b3 Bb4 7. f3 d5 8. exd5 exd5 9. a3 Bc5 10. Bb2 Qe7+ 11. Nge2 Be6 12. Na4 Bd6 13. b4 O-O 14.
O-O-O b5 15. Nac3 a5 16. Nxb5 Be5 17. Bxe5 Nxe5 18. Ned4 Rfc8 19. Kb2 axb4 20. Qxb4 Qd7 21. Qd6 Nc4+ 22. Bxc4 Rxc4 23. Qxd7 Bxd7 24. Rd3 Nh5 25. Rb3 Nf4 26. g3 Ne6 27. Nxe6 fxe6 28. Rd1 Rc6 29. Nd4 Rc4 30. Rb4 Rac8 31. Rd2 e5 32. Nb3 d4 33.
Rxc4 Rxc4 34. g4 Ba4 35. Rd3 Kf7 36. Nd2 Rxc2+ 37. Kb1 Ke6 38. h4 Bb5 39. Kxc2 Bxd3+ 40. Kxd3 Kd5 41. a4 Kc5 42. Ke4 Kb4 43. Kxe5 Kc3 44. Ne4+ Kd3 45. a5 Ke3 46. a6 d3 47. a7 g5 48.
hxg5 d2 49. Nxd2 Kxd2 50. a8=Q Ke3 51. Qh8 Kxf3 52. Qxh7 Kxg4 53. g6 Kg5 54. g7 Kg4 55. g8=Q+ Kf3 56. Qe4+ Kf2 57. Qf7+ 1-0

[Event "*** Titled Tuesday Blitz"]
[Site "Chess.com"]
[Date "2020.12.01"]
[Round "9"]
[White "Lysiak_Poltorak"]
[Black "LionTheLeon_06"]
[Result "0-1"]
[WhiteElo "2361"]
[BlackElo "2608"]
[TimeControl "180+1"]
[EndTime "11:44:50 PST"]
[Termination "LionTheLeon_06 won by resignation"]

1. d4 Nf6 2. c4 c5 3. d5 b5 4. Qc2 bxc4 5. e4 g6 6. Bxc4 Bg7 7. Nf3 d6 8. Bd2 O-O 9. Bc3 Ba6 10. Na3 Nfd7 11. O-O Nb6 12. Nd2 Nxc4 13. Naxc4 Nd7 14. Bxg7 Kxg7 15. f4 Nb6 16. Qc3+ Kg8 17. Rad1 Rb8 18. b3 Qd7 19. Rfe1 Nxc4 20. Nxc4 Bxc4 21. Qxc4 Rb4 22. Qc3 Rfb8 23. e5 Rxf4 24. e6 fxe6 25. Rxe6 Rbf8 26. Rde1 Qb5 27. Qc1 Qd3 28. Rxe7 Qxd5 29. R7e2 Qd4+ 30. Kh1 a5 31. h3 Rf2 32. Rxf2 Rxf2 33. Qg5 Rf7 34. Qh6 Rf8 35. Re7 Rf1+ 36. Kh2 Qf4+ 37. Qxf4 Rxf4 38. Ra7 Rf2 39. Rxa5 Kf7 40. Kg3 Rc2 41.
Ra7+ Ke6 42. Rxh7 Rxa2 43. Rg7 Rb2 44. Rxg6+ Ke5 45. h4 Rxb3+ 46. Kg4 c4 47. h5 c3 48.
Rg8 d5 49. Rc8 d4 50. h6 Rb7 51. Kg5 Ke4 52. Kg6 d3 53. h7 Rxh7 54. Rxc3 Rd7 55. Rc1 d2 56. Ra1 d1=Q 57. Rxd1 Rxd1 58. g4 Rg1 59. g5 Kf4 0-1

[Event "*** Titled Tuesday Blitz"]
[Site "Chess.com"]
[Date "2020.12.01"]
[Round "9"]
[White "TheKingDoctor"]
[Black "catzapto"]
[Result "0-1"]
[WhiteElo "2055"]
[BlackElo "2125"]
[TimeControl "180+1"]
[EndTime "11:44:51 PST"]
[Termination "catzapto won on time"]

1. d4 Nf6 2. Bg5 e6 3. e4 Be7 4. e5 Nd5 5. Bxe7 Nxe7 6. c4 d6 7. Nf3 c5 8. Nc3 cxd4 9. Qxd4 dxe5 10. Qxd8+ Kxd8 11. Nxe5 Ke8 12. Nb5 Na6 13. Nd6+ Kf8 14.
Nexf7 Rg8 15. Ng5 Rh8 16. Bd3 h6 17. Ngf7 Rg8 18. Bh7 Nf5 19. Bxg8 Nxd6 20. Nxd6 Kxg8 21. O-O-O Kf8 22. b3 Nc7 23. Rhe1 b6 24. Nxc8 Rxc8 25. Rd7 b5 26. Kc2 bxc4 27. bxc4 Nd5 28. Rxe6 Rxc4+ 29. Kd2 Rd4+ 30. Ke1 a5 31. Red6 Re4+ 32. Kf1 Nb4 33. a3 Nc2 34. g3 Nxa3 35. Rd4 Rxd4 36. Rxd4 Nb1 37. Ra4 Nd2+ 38. Kg2 Nb3 39. Kf3 Kf7 40. Ke3 Ke6 41. Ra3 a4 42. Rxa4 Nc5 43. Ra7 Kf6 44.
h4 h5 45. f3 Ne6 46. Ra6 Kf5 47. g4+ hxg4 48. fxg4+ Ke5 49. Rxe6+ Kxe6 50. Kf4 Kf6 51. Ke4 Ke6 52. Kf4 Kf6 53. h5 Kf7 54. g5 Ke6 55. Ke4 Ke7 56. Kf5 Kf7 57. Ke5 Ke7 58. Kf5 Kf7 59.
Ke5 Ke7 60. Kd5 Kf7 61. Kd6 Kf8 62. Kd7 Kf7 63. Kd6 Kf8 64. Ke6 Ke8 0-1

[Event "*** Titled Tuesday Blitz"]
[Site "Chess.com"]
[Date "2020.12.01"]
[Round "9"]
[White "youngKID"]
[Black "Kildepiotr"]
[Result "1-0"]
[WhiteElo "2853"]
[BlackElo "2643"]
[TimeControl "180+1"]
[EndTime "11:44:54 PST"]
[Termination "youngKID won by resignation"]

1. e4 g6 2. d4 Bg7 3. Nf3 c6 4. Nc3 d6 5. Bc4 Nf6 6. Qe2 b5 7. Bb3 b4 8. Nb1 Ba6 9. Qe3 O-O 10. h3 Nbd7 11. a3 bxa3 12. Rxa3 Qb6 13. Nc3 e5 14. dxe5 Nxe5 15. Nxe5 dxe5 16. Na4 Qb4+ 17.
Nc3 Qb6 18. f3 Nh5 19. Kf2 Nf4 20. Qxb6 axb6 21. Be3 b5 22. Rha1 Bb7 23. Ra7 Ne6 24. Bxe6 fxe6 25. Ne2 Rfd8 26. Nc1 Bf8 27. Nd3 Bd6 28.
Ke2 Rxa7 29. Rxa7 Rd7 30. Bd2 Kf7 31. Bc3 Bc8 32. Ra1 c5 33. Ke3 c4 34. Nxe5+ Bxe5 35. Bxe5 Bb7 36. Ra5 Bc6 37. Ra6 Bb7 38. Rb6 g5 39.
Rxb5 Ba6 40. Rb6 Bb7 41. g3 h5 42. h4 gxh4 43. gxh4 Ke7 44. Bf4 Kf6 45. Bg5+ Kf7 46. f4 Rc7 47. Kd4 Bc8 48. Ke3 Bd7 49. f5 exf5 50.
exf5 Rc6 51. Rb7 Rd6 52. Rc7 Rd1 53. f6 Ke6 54. Rxc4 Re1+ 55. Kd2 Rh1 56. Re4+ Kf5 57. Re7 Be6 58. f7 1-0

[Event "*** Titled Tuesday Blitz"]
[Site "Chess.com"]
[Date "2020.12.01"]
[Round "9"]
[White "PawnEatingZombie"]
[Black "tteshan"]
[Result "1-0"]
[WhiteElo "2200"]
[BlackElo "2361"]
[TimeControl "180+1"]
[EndTime "11:44:54 PST"]
[Termination "PawnEatingZombie won by resignation"]

1. d4 d5 2. c4 dxc4 3. e4 e5 4. Nf3 exd4 5. Bxc4 Bb4+ 6. Nbd2 Nc6 7. O-O Nge7 8. Nb3 O-O 9. Nbxd4 Bg4 10. Nxc6 Nxc6 11.
h3 Qxd1 12. Rxd1 Bxf3 13. gxf3 Ne5 14. Be2 Rad8 15. Bf4 f6 16. Be3 a6 17. f4 Nc6 18.
Bc4+ Kh8 19. Bd5 Bd6 20. Bxc6 bxc6 21. Rac1 Rb8 22. b3 Rb5 23. Rxc6 a5 24. Rc4 h6 25. Kg2 Re8 26. Kf3 Kh7 27. Rd3 Rh5 28. Kg2 Rb5 29.
f5 Kg8 30. Kf3 Kf7 31. h4 h5 32. Bf4 Bxf4 33. Kxf4 Re7 34. Rdc3 Rbe5 35. f3 Kg8 36. Rxc7 Re8 37. Rc8 Kf7 38. Rxe8 Kxe8 39. Rc7 Kf8 40. Rb7 Rc5 41. a4 Kg8 42. Rb5 Rc3 43. Rxa5 Rxb3 44.
Ra8+ Kf7 45. a5 Ra3 46. a6 Ra1 47. a7 Ra2 48. Ke3 Ra1 49. Kd4 Rd1+ 50. Ke3 Ra1 51. f4 Ra2 52. e5 Ra3+ 53. Kd2 Ra2+ 54. Kc3 fxe5 55. fxe5 g6 56. e6+ Kg7 57. f6+ Kxf6 58. Rf8+ Kxe6 59. a8=Q Rxa8 60. Rxa8 Kf5 61. Kd3 Kg4 62.
Ke3 Kxh4 63. Kf3 g5 64. Kg2 g4 65. Rh8 Kg5 66. Kg3 1-0

[Event "*** Titled Tuesday Blitz"]
[Site "Chess.com"]
[Date "2020.12.01"]
[Round "9"]
[White "Rainmond"]
[Black "Orest_Vovk"]
[Result "0-1"]
[WhiteElo "2772"]
[BlackElo "2570"]
[TimeControl "180+1"]
[EndTime "11:44:55 PST"]
[Termination "Orest_Vovk won by checkmate"]

1. c4 g5 2. h4 g4 3. h5 g3 4. f4 Nf6 5. Nc3 Ng4 6. Nh3 d6 7. Ne4 Rg8 8. Qb3 Nc6 9. Qxg3 Bf5 10. d3 Nd4 11. Kd1 d5 12. cxd5 Qxd5 13. Nc3 Qc6 14. Qe1 O-O-O 15. Ng5 f6 16. Nf3 e5 17.
Bd2 Bc5 18. Kc1 Nf2 19. Qxf2 Nb3+ 20. axb3 Bxf2 21. e4 Be6 22. fxe5 Bxb3 23. g4 fxe5 24.
g5 Bd4 25. Ra3 Be6 26. Be2 Rgf8 27. Kb1 Kb8 28. Rc1 Qd7 29. Ra5 Rxf3 30. Bxf3 Bb6 31.
Rd5 Bxd5 32. Nxd5 c6 33. Bc3 cxd5 34. exd5 Bd4 35. Be4 Bxc3 36. Rxc3 Qe7 37. g6 hxg6 38. hxg6 Rc8 39. Rb3 b6 40. Ka2 Qc5 41. g7 Qe7 42. Rc3 Qxg7 43. Ra3 Qe7 44. Ra4 Qc5 45. Kb3 Qc2+ 46.
Ka3 Rc5 47. d6 Ra5 48. Kb4 Qc5+ 49. Kb3 Rxa4 50. d7 Rd4 51. d8=Q+ Rxd8 52. Ba8 Rd4 53. Bd5 Qxd5+ 54. Ka3 Qb5 55. Ka2 Rb4 56. Kb1 Rxb2+ 57. Kc1 Qb3 58. d4 Qc2# 0-1

[Event "*** Titled Tuesday Blitz"]
[Site "Chess.com"]
[Date "2020.12.01"]
[Round "9"]
[White "natelleka"]
[Black "Skat2704"]
[Result "1-0"]
[WhiteElo "2204"]
[BlackElo "2333"]
[TimeControl "180+1"]
[EndTime "11:44:57 PST"]
[Termination "natelleka won by resignation"]

1. e4 c6 2. d4 d5 3. f3 e6 4. Nc3 Bb4 5. Bf4 Ne7 6. Ne2 Ng6 7. Bg3 O-O 8. Qd2 c5 9. h4 Nc6 10. h5 Nge7 11. a3 Ba5 12. O-O-O dxe4 13. dxc5 Qxd2+ 14. Rxd2 exf3 15. gxf3 Nf5 16. Bh2 e5 17. b4 Bd8 18.
Ne4 Ncd4 19. Nxd4 Nxd4 20. Rf2 f5 21. Nd6 Bg5+ 22. Kb2 Be3 23. Bc4+ Be6 24. Bxe6+ Nxe6 25. Re2 f4 26. Nxb7 Rab8 27. c6 Rfc8 28. Na5 Nd4 29. Ree1 Nxc6 30. Nxc6 Rxc6 31. Bg1 Rbc8 32. Re2 Rc3 33.
Bxe3 fxe3 34. Rhe1 Kf7 35. Kb1 Rxa3 36. Rxe3 Rxe3 37.
Rxe3 Kf6 38. Kb2 Kf5 39. Kb3 g6 40. hxg6 hxg6 41. c4 g5 42. c5 Kf4 43. Re4+ Kxf3 44. Rxe5 g4 45. Kc4 g3 46. Rf5+ Ke4 47. Rg5 Kf4 48. Rg6 Kf3 49. Kd5 g2 50. c6 Kf2 51.
Kd6 g1=Q 52. Rxg1 Kxg1 53. c7 Rg8 54. Kd7 Rg7+ 55. Kc6 Rg8 56. Kb7 Rg7 57. Kb8 Rg8+ 58.
c8=Q Rxc8+ 59. Kxc8 Kf2 60. Kb7 Ke3 61. Kxa7 Kd4 62. b5 Kc4 63. b6 Kb5 64. b7 Ka5 65. b8=Q 1-0

[Event "*** Titled Tuesday Blitz"]
[Site "Chess.com"]
[Date "2020.12.01"]
[Round "9"]
[White "Hikaru"]
[Black "Duhless"]
[Result "1/2-1/2"]
[WhiteElo "3185"]
[BlackElo "3020"]
[TimeControl "180+1"]
[EndTime "11:44:58 PST"]
[Termination "Game drawn - insufficient material"]

1. Nf3 Nf6 2. c4 c5 3. Nc3 Nc6 4. d4 cxd4 5. Nxd4 e6 6. a3 d5 7.
e3 Be7 8. cxd5 Nxd5 9. Nxc6 bxc6 10. Bd2 O-O 11. Rc1 Rb8 12. Qc2 Bf6 13. Be2 Nxc3 14.
Bxc3 Bxc3+ 15. Qxc3 Qf6 16. Qxf6 gxf6 17. Rc2 e5 18. Bd3 Be6 19. Ke2 Rb3 20. Rd1 Rfb8 21. Rdd2 c5 22. h4 Kg7 23. Be4 f5 24. Bd5 Bxd5 25.
Rxd5 Rxb2 26. Rxc5 Rxc2+ 27. Rxc2 Rb3 28. Rc5 Rxa3 29.
Rxe5 Kf6 30. Rb5 Ra2+ 31. Kf3 h6 32. Rc5 a5 33. Rc6+ Kg7 34. Ra6 Ra4 35. h5 Ra2 36.
Kg3 a4 37. f3 a3 38. Ra5 Kf6 39. Ra6+ Kg7 40. Ra5 Kf6 41. Kf4 Rxg2 42. Rxf5+ Kg7 43.
Ra5 Rg5 44. Rxa3 Rxh5 45. e4 Rg5 46. Ra2 Rg6 47. Rh2 Rf6+ 48. Ke3 Rg6 49. f4 Rg3+ 50. Kd4 Kg6 51. Ke5 h5 52. Rh1 Rg4 53. f5+ Kg5 54.
Re1 f6+ 55. Ke6 h4 56. e5 fxe5 57. f6 Rf4 58. f7 h3 59. Rxe5+ Kg4 60. Ke7 Rxf7+ 61.
Kxf7 h2 62. Re1 Kg3 63. Rh1 Kg2 64. Rxh2+ Kxh2 1/2-1/2

[Event "*** Titled Tuesday Blitz"]
[Site "Chess.com"]
[Date "2020.12.01"]
[Round "9"]
[White "ViktoriyaTarasova"]
[Black "guillembaches"]
[Result "1-0"]
[WhiteElo "2294"]
[BlackElo "2371"]
[TimeControl "180+1"]
[EndTime "11:44:59 PST"]
[Termination "ViktoriyaTarasova won on time"]

1. d4 d5 2. c4 Nc6 3. cxd5 Qxd5 4. e3 e5 5. Nc3 Bb4 6. a3 Bxc3+ 7. bxc3 Qd6 8. Ne2 Nf6 9. Ng3 h5 10. Bd3 h4 11. Nf5 Bxf5 12. Bxf5 g6 13. Bd3 h3 14. g3 O-O-O 15. Be2 Qd5 16. Bf3 e4 17. Be2 Ne7 18. c4 Qd7 19. Qc2 Nf5 20. Bb2 Rhe8 21. O-O-O Kb8 22.
d5 Qd6 23. Kb1 b6 24. Qc3 Nd7 25. Bg4 Ne5 26. Bxh3 Nd3 27. Rd2 Qc5 28. Bf1 Nd6 29. Bxd3 exd3 30. Qxd3 Qxc4 31. Rc1 Qa4 32. Qc2 Qd7 33. Rd4 Rc8 34. e4 f5 35. f3 fxe4 36.
fxe4 Re5 37. Rb4 Rce8 38. Bxe5 Rxe5 39. Re1 Qe7 40. Ka2 a5 41. Rd4 Nb5 42. Rd3 Rxe4 43. Rxe4 Qxe4 44. Qd2 Qc4+ 45. Ka1 a4 46. Rf3 Kb7 47. Rd3 g5 48. h3 Qc5 49. Kb2 Nd6 50. Qc3 Qb5+ 51. Kc2 Nc4 52. h4 gxh4 53. gxh4 Nd6 54.
Qc6+ Qxc6+ 55. dxc6+ Kxc6 56. h5 Nf5 57. Kd2 b5 58. Rf3 Nd4 59. Rf6+ Kd5 60. h6 b4 61. axb4 a3 62. Kc1 1-0

[Event "*** Titled Tuesday Blitz"]
[Site "Chess.com"]
[Date "2020.12.01"]
[Round "9"]
[White "Kotofeyca"]
[Black "leoduarte"]
[Result "0-1"]
[WhiteElo "2456"]
[BlackElo "2354"]
[TimeControl "180+1"]
[EndTime "11:45:00 PST"]
[Termination "leoduarte won by checkmate"]

1. d4 d5 2. c4 c6 3. Nc3 Nf6 4. cxd5 cxd5 5. Bf4 Nc6 6. e3 Bf5 7. Nf3 e6 8. Bb5 Rc8 9. Qa4 Be7 10. Qxa7 O-O 11. Qa4 Nb4 12. O-O Bc2 13. Qa7 b6 14. Rfc1 Bd6 15. a3 Bxf4 16. axb4 Bb8 17. Qb7 Be4 18.
Nxe4 dxe4 19. Ne5 Rxc1+ 20. Rxc1 Qd6 21. Rc8 Rxc8 22. Qxc8+ Qf8 23. Qc6 Bxe5 24. dxe5 Nd5 25. Bc4 Qxb4 26. Qc8+ Qf8 27. Qxf8+ Kxf8 28. Bxd5 exd5 29.
f4 exf3 30. gxf3 Ke7 31. Kf2 Ke6 32. f4 f6 33. exf6 Kxf6 34. Kf3 Kf5 35. b3 h5 36. h4 g6 37. b4 b5 38. Kf2 Kg4 39. Ke2 Kxh4 40.
Kf3 Kh3 41. e4 dxe4+ 42. Kxe4 Kg3 43. Ke5 h4 44. f5 gxf5 45. Kxf5 h3 46. Ke5 h2 47.
Kd5 h1=Q+ 48. Kc5 Qb7 49. Kd6 Kf3 50. Kc5 Ke2 51. Kd6 Kd2 52. Kc5 Kc2 53. Kd4 Kb3 54. Kc5 Ka4 55. Kd4 Kxb4 56. Ke5 Qd7 57. Kf6 Kc4 58. Ke5 Qe7+ 59. Kf5 Kd4 60. Kg6 Qf8 61. Kh7 Ke4 62. Kg6 Qf3 63. Kh7 Ke5 64. Kg6 Ke6 65. Kh7 Qg4 66. Kh6 Kf7 67. Kh7 Qg7# 0-1

[Event "*** Titled Tuesday Blitz"]
[Site "Chess.com"]
[Date "2020.12.01"]
[Round "9"]
[White "Sokoloco"]
[Black "Reader777"]
[Result "1/2-1/2"]
[WhiteElo "2499"]
[BlackElo "2687"]
[TimeControl "180+1"]
[EndTime "11:45:01 PST"]
[Termination "Game drawn by repetition"]

1. b3 c5 2. Bb2 d6 3. e3 e5 4. d4 cxd4 5. exd4 e4 6. d5 Nf6 7.
c4 Be7 8. Ne2 Bf5 9. Ng3 Bg6 10.
Be2 O-O 11. O-O Nbd7 12. Re1 Re8 13. Nc3 Ne5 14. Qd4 Qb6 15. Qxb6 axb6 16. Nb5 Rac8 17. Bxe5 dxe5 18. Nf1 Bc5 19. Ne3 Red8 20. Rad1 Ra8 21. a4 Ne8 22. Bg4 Nd6 23. Nxd6 Rxd6 24. Bf5 Kf8 25.
g4 Ke7 26. Bxg6 hxg6 27. Kg2 Rf8 28. g5 f5 29. gxf6+ gxf6 30. Nc2 f5 31. b4 Bd4 32. Nxd4 exd4 33. Rxd4 Rc8 34. f3 Kf6 35. fxe4 Ke5 36. Red1 fxe4 37. a5 bxa5 38. c5 Rf6 39. d6 axb4 40. d7 Rd8 41. Rxb4 Rc6 42. Rxb7 Rxc5 43. Rb6 Rd5 44. Rxd5+ Kxd5 45. Rxg6 Rxd7 46. Kf2 Kd4 47. Ke2 Rh7 48. Rd6+ Ke5 49. Rd8 Rxh2+ 50. Ke3 Rh3+ 51.
Ke2 Ra3 52. Re8+ Kd5 53. Rd8+ Kc5 54. Re8 Kd4 55. Rd8+ Ke5 56. Re8+ Kf4 57. Rf8+ Kg4 58. Re8 Kf4 59. Rf8+ Kg5 60. Re8 Kf5 61. Rf8+ Ke6 62. Re8+ Kd5 63. Rd8+ Kc6 64. Re8 Kd5 1/2-1/2

[Event "*** Titled Tuesday Blitz"]
[Site "Chess.com"]
[Date "2020.12.01"]
[Round "9"]
[White "ChronicUnhappiness"]
[Black "frederiksvane"]
[Result "0-1"]
[WhiteElo "2370"]
[BlackElo "2701"]
[TimeControl "180+1"]
[EndTime "11:45:05 PST"]
[Termination "frederiksvane won on time"]

1. c4 Nf6 2. Nf3 e6 3. g3 d5 4. Bg2 Be7 5. O-O O-O 6. d4 dxc4 7. Qc2 a6 8. Qxc4 b5 9. Qc2 Bb7 10. Bf4 Nc6 11. Nc3 Nb4 12. Qc1 c5 13. Rd1 c4 14. Bg5 Nbd5 15. a4 Qb6 16. Ne5 Nxc3 17. bxc3 Bxg2 18. Kxg2 Rfc8 19. Bxf6 Bxf6 20. Qe3 Qb7+ 21.
Qf3 Rab8 22. axb5 axb5 23. e4 b4 24. Ng4 Be7 25. cxb4 c3 26. Rac1 Bxb4 27. Rc2 Qb5 28. d5 exd5 29. exd5 Qa4 30. Qd3 Rd8 31. Ne5 Rb6 32.
Nc4 Rh6 33. Re1 Qd7 34. h4 Rf6 35. Re4 h6 36. Ne5 Qxd5 37. Qxd5 Rxd5 38. Nxf7 Ba5 39.
Ne5 Re6 40. f4 Kh7 41. Ree2 Red6 42. Kf3 Rd2 43. Ng4 R6d3+ 44. Kf2 Bb6+ 45. Kf1 Rd1+ 46.
Kg2 R1d2 47. Kf1 Rxc2 48. Rxc2 Rxg3 49. Ne5 Bd4 50. Ke2 Re3+ 51. Kf2 Rxe5+ 52. Kf3 Re3+ 53.
Kg4 Kg6 54. h5+ Kf6 55. Rg2 Rd3 56. Kh4 Rd2 57. Rg6+ Kf7 58. Kg4 c2 59. Kf5 c1=Q 60.
Rxg7+ Bxg7 0-1

[Event "*** Titled Tuesday Blitz"]
[Site "Chess.com"]
[Date "2020.12.01"]
[Round "9"]
[White "eCztery"]
[Black "vladgoncharov"]
[Result "0-1"]
[WhiteElo "2342"]
[BlackElo "2476"]
[TimeControl "180+1"]
[EndTime "11:45:05 PST"]
[Termination "vladgoncharov won by checkmate"]

1. e4 e6 2. d4 d5 3. Nc3 Bb4 4.
Qd3 Qd7 5. Bd2 b6 6. O-O-O Ba6 7. Qg3 Kf8 8. exd5 exd5 9. Nf3 Bxf1 10. Rhxf1 Nf6 11. Ne5 Qf5 12. Nb5 Bxd2+ 13. Rxd2 c5 14. Nxf7 Ne4 15. Qc7 Na6 16. Qb7 Rb8 17. Qxa6 Nxd2 18.
Nfd6 Qf4 19. g3 Nb3+ 20. Kb1 Nd2+ 21. Ka1 Qf6 22. Qxa7 Rd8 23. Re1 Nf3 24. Re3 Nxd4 25. Qd7 g5 26. Re8+ Rxe8 27. Qxe8+ Kg7 28. Qd7+ Kg6 29.
Nxd4 cxd4 30. h4 gxh4 31. gxh4 Qxf2 32. a3 Rf8 33. Qg4+ Kf6 34. Nb5 Qf1+ 35. Ka2 Qc4+ 36. Ka1 Qxb5 37. Qxd4+ Ke7 38. Qg7+ Rf7 39. Qe5+ Kd7 40.
b3 Rf1+ 41. Kb2 Rf7 42. a4 Qc6 43. Qh5 Qf6+ 44. Ka2 Kd6 45. Qe2 Qf5 46. Kb2 Qe5+ 47. Qxe5+ Kxe5 48. b4 Rf4 49. a5 Rxh4 50. Ka3 bxa5 51.
bxa5 Rc4 52. Kb3 Rc6 53. Kb4 Kd6 54. Kb5 Rxc2 55. a6 Rb2+ 56. Ka5 Ra2+ 57. Kb6 Rxa6+ 58. Kxa6 d4 59. Kb5 d3 60. Kb4 d2 61. Kc3 d1=Q 62. Kb2 Qd5 63. Kc2 Kc5 64. Kc3 Qe4 65. Kb2 Kb4 66. Ka2 Qe2+ 67. Ka1 Kb3 68. Kb1 Qe1# 0-1